 Dungeon Crawl Stone Soup version 0.21-a0-356-g45b0a09 (webtiles) character file.

2122 Ijustatesigmund the Covert (level 9, -6/43 HPs)
             Began as a Spriggan Enchanter on Oct 12, 2017.
             Mangled by Menkaure (18 damage)
             ... on level 7 of the Dungeon.
             The game lasted 00:22:11 (8424 turns).

Ijustatesigmund the Covert (Spriggan Enchanter)     Turns: 8424, Time: 00:22:12

Health: -6/43      AC:  9    Str: 13    XL:     9   Next: 8%
Magic:  19/21      EV: 21    Int: 19    God:
Gold:   154        SH: 10    Dex: 17    Spells: 16/22 levels left

rFire    + . .     SeeInvis +   a - +4 dagger (protect)
rCold    x . .     Gourm    .   y - +3 buckler of Fedhas's Supremacy {rC- Str+4}
rNeg     . . .     Faith    .   b - +0 robe
rPois    +         Spirit   .   (helmet restricted)
rElec    .         Reflect  .   (no cloak)
rCorr    .         Harm     .   (gloves unavailable)
MR       +....                  (boots unavailable)
Stlth    ++++......             s - amulet of magic regeneration
HPRegen  0.14/turn              p - ring of protection from fire
MPRegen  0.42/turn              (no ring)

@: mighty, protection aura, very slightly contaminated, very quick
A: unfitting armour, see invisible, herbivore 3, speed 3, poison resistance,
slow metabolism 2
a: no special abilities


You were on level 7 of the Dungeon.
You were not hungry.

You visited 1 branch of the dungeon, and saw 8 of its levels.

You collected 224 gold pieces.
You spent 70 gold pieces at shops.

Inventory:

Hand Weapons
 a - a +4 dagger of protection (weapon)
Missiles
 x - 3 silver tomahawks (quivered)
 A - a throwing net
Armour
 b - a +0 robe (worn)
 j - a +0 hat
 y - the +3 buckler of Fedhas's Supremacy (worn) {rC- Str+4}
   (You found it on level 5 of the Dungeon)

   It affects your strength (+4).
   It makes you vulnerable to cold.
Jewellery
 p - a ring of protection from fire (left hand)
 s - an amulet of magic regeneration (around neck)
Wands
 i - a wand of lightning (3/15)
 l - a wand of random effects (24/48)
 o - a wand of iceblast (6/15)
 u - a wand of paralysis (9/24)
 w - a wand of flame (5/48)
 B - a wand of enslavement (9/24)
Scrolls
 e - 2 scrolls of amnesia
 g - 3 scrolls of remove curse
 t - a scroll of magic mapping {unknown}
Potions
 k - a potion of invisibility
 m - a potion of flight
 n - a potion of agility
 q - 2 potions of curing
 r - 2 potions of brilliance {unknown}
 v - 2 potions of resistance
 z - a potion of heal wounds
Books
 c - a book of Maledictions

   Spells                             Type                      Level
   a - Corona                         Hexes                        1
   b - Ensorcelled Hibernation        Hexes/Ice                    2
   c - Confuse                        Hexes                        3
   d - Tukima's Dance                 Hexes                        3
   e - Dazzling Spray                 Conjuration/Hexes            3
Comestibles
 d - 3 bread rations
 h - 2 fruits


   Skills:
 - Level 2.8 Fighting
 - Level 3.8 Short Blades
 - Level 6.0 Dodging
 - Level 8.5 Stealth
 + Level 4.0 Shields
 - Level 7.3 Spellcasting
 - Level 4.6 Hexes
 - Level 2.4 Ice Magic


You had 16 spell levels left.
You knew the following spells:

 Your Spells              Type           Power        Failure   Level  Hunger
a - Corona                Hex            ###....      1%          1    None
b - Ensorcelled Hibernat  Hex/Ice        ###...       4%          2    None
c - Dazzling Spray        Conj/Hex       ###...       14%         3    #......


Dungeon Overview and Level Annotations

Branches:
Dungeon (8/15)
 Temple: D:4-7         Lair: D:8-11

Altars:
Elyvilon
Fedhas
Hepliaklqana
Trog
Wu Jian
Xom

Shops:
D:4 ?

Annotations:
D:5 Eustachio
D:7 Menkaure


Innate Abilities, Weirdness & Mutations

You are very small and have problems with some larger weapons.
You are too small for most types of armour.
You have supernaturally acute eyesight. (SInv)
You are a herbivore.
You cover ground extremely quickly.
You need consume almost no food.
Your system is resistant to poisons. (rPois)


Message History

Your body is wracked with pain!
You hit Menkaure.
Menkaure is lightly damaged.
Menkaure completely misses you.
You hit Menkaure.
Menkaure is moderately damaged.
You hit Menkaure.
Menkaure is heavily damaged.
You block Menkaure's attack.
You barely miss Menkaure.
Menkaure is heavily damaged.
You block Menkaure's attack.
You hit Menkaure.
Menkaure is heavily damaged.
You feel very mighty all of a sudden.
Menkaure calls on the powers of darkness!
Your body is wracked with pain!
* * * LOW HITPOINT WARNING * * *
Menkaure hits you!!
You die...

#. #. # #. .# #.
###.# #########.
#@M.# #.........
#.### #.#.......
#.# #.#.#####. #.#
#......... #.#
###.#####. #.#
##...## #. #.#
##.#.#.###.
#.######.##.##.###
#...............##


You could see Menkaure.

Vanquished Creatures
  Grinder (D:5)
  A sky beast (D:6)
  A phantom (D:5)
  An ice beast (D:7)
  3 centaurs
  6 ogres
  4 bullfrogs
  A scorpion (D:5)
  A crimson imp (D:5)
  3 hounds
  2 iguanas
  Ijyb (D:5)
  2 orc wizards
  3 worker ants
  A killer bee zombie (D:7)
  A hound skeleton (D:6)
  A howler monkey skeleton (D:6)
  A worker ant zombie (D:6)
  6 gnolls
  2 adders
  A shadow imp (D:4)
  2 oozes
  An adder skeleton (D:4)
  An adder zombie (D:6)
  5 worms
  3 dart slugs
  6 leopard geckos
  14 orcs
  6 bats
  5 giant cockroaches
  4 goblins
  5 hobgoblins
  3 jackals
  9 kobolds
  2 quokkas
  4 frilled lizards
  6 rats
119 creatures vanquished.

Vanquished Creatures (collateral kills)
  An orc priest (D:7)
  A hound skeleton (D:7)
  2 orcs (D:7)
4 creatures vanquished.

Vanquished Creatures (others)
  A worker ant (D:7)
1 creature vanquished.

Grand Total: 124 creatures vanquished

Notes
Turn   | Place    | Note
-------+----------+-------------------------------------------
     0 | D:1      | Ijustatesigmund the Spriggan Enchanter began the quest for the Orb.
     0 | D:1      | Reached XP level 1. HP: 9/9 MP: 5/5
   214 | D:1      | Reached XP level 2. HP: 13/13 MP: 7/7
   218 | D:1      | Learned a level 2 spell: Ensorcelled Hibernation
   555 | D:1      | Reached XP level 3. HP: 16/16 MP: 9/9
  1665 | D:2      | Reached XP level 4. HP: 21/21 MP: 11/11
  1670 | D:2      | Learned a level 3 spell: Dazzling Spray
  1692 | D:2      | Found a white marble altar of Elyvilon.
  1871 | D:2      | Reached skill level 5 in Stealth
  2488 | D:3      | Found a shimmering altar of Xom.
  2488 | D:3      | Found a shimmering altar of Xom.
  2488 | D:3      | Found a shimmering altar of Xom.
  2495 | D:3      | Found a shimmering altar of Xom.
  2495 | D:3      | Found a shimmering altar of Xom.
  2497 | D:3      | Found a shimmering altar of Xom.
  2504 | D:3      | Found a bloodstained altar of Trog.
  3226 | D:4      | Noticed an ogre
  3238 | D:4      | Killed an ogre
  3238 | D:4      | Reached skill level 1 in Fighting
  3238 | D:4      | Reached XP level 5. HP: 25/25 MP: 10/13
  3363 | D:4      | Found a hazy altar of Hepliaklqana.
  3370 | D:4      | Reached skill level 5 in Spellcasting
  3829 | D:3      | Reached XP level 6. HP: 15/30 MP: 9/14
  4012 | D:4      | Gained mutation: You are dopey. (Int -2) [potion of mutation]
  4012 | D:4      | Lost mutation: You are dopey. (Int -2) [potion of mutation]
  4012 | D:4      | Gained mutation: You are covered in fur. (AC +1) [potion of mutation]
  4070 | D:4      | Found Deneboeh's Magic Scroll Emporium.
  4868 | D:4      | Bought a scroll of teleportation for 42 gold pieces
  4868 | D:4      | Bought a scroll of identify for 28 gold pieces
  4900 | D:4      | Reached skill level 1 in Ice Magic
  5126 | D:4      | Reached skill level 6 in Stealth
  5330 | D:5      | Entered Level 5 of the Dungeon
  5439 | D:5      | Reached XP level 7. HP: 26/34 MP: 16/16
  5543 | D:5      | Noticed Eustachio
  5546 | D:5      | Reached skill level 5 in Dodging
  5661 | D:6      | Reached skill level 7 in Stealth
  5662 | D:6      | Found a blossoming altar of Fedhas.
  5933 | D:5      | Reached XP level 8. HP: 39/39 MP: 17/19
  6299 | D:5      | Noticed Grinder
  6319 | D:5      | Killed Grinder
  6319 | D:5      | Reached skill level 8 in Stealth
  6825 | D:5      | Noticed Ijyb
  6875 | D:5      | Killed Ijyb
  7016 | D:5      | Lost mutation: You are covered in fur. (AC +1) [potion of mutation]
  7016 | D:5      | Gained mutation: Your system is resistant to poisons. (rPois) [potion of mutation]
  7036 | D:5      | Got a shimmering buckler
  7042 | D:5      | Identified the +3 buckler of Fedhas's Supremacy {rC- Str+4} (You found it on level 5 of the Dungeon)
  7405 | D:6      | Found an ornate altar of the Wu Jian Council.
  7496 | D:6      | Reached skill level 1 in Shields
  8260 | D:7      | Reached XP level 9. HP: 43/43 MP: 15/21
  8412 | D:7      | Noticed Menkaure
  8424 | D:7      | Mangled by Menkaure

Vault maps used:
D:1:      saegor_arrival_simple_e, serial_bayou_lake_a
D:2:      elyvilon_altar_5, minivault_19, kennysheep_generic_room_5
D:3:      xom_redecorated, bloody_trog
D:4:      lemuel_crystal_altar, serial_shops, shop
D:5:      vehumet_statue, kennysheep_little_box, first_bread,
          grunt_ministairs_15, uniq_eustachio, uniq_edmund, uniq_ijyb,
          uniq_grinder
D:6:      fedhas_bush_and_centaur_altar, basic_altar, minmay_misc_feat_room
D:7:      gammafunk_temple_overflow_arena, minmay_temple_entry_purple_smoke,
          uniq_menkaure, uniq_pikel, uniq_prince_ribbit1
D:8:      serial_shops, shop, hangedman_little_slice_of_home,
          minmay_misc_feat_cross, uniq_joseph

Skill      XL: |  1  2  3  4  5  6  7  8  9 |
---------------+----------------------------+-----
Spellcasting   | 3 4 5 6 7 |  7.3
Short Blades   | 2 3 |  3.8
Stealth        | 5 6 7 8 |  8.5
Fighting       | 1 2 |  2.8
Hexes          | 4 |  4.6
Dodging        | 4 6 |  6.0
Ice Magic      | 1 2 |  2.4
Shields        | 3 4 |  4.0

Action                   |  1- 3 |  4- 6 |  7- 9 || total
-------------------------+-------+-------+-------++-------
Melee: Dagger            |   117 |   240 |   325 ||   682
Throw: Tomahawk          |       |     5 |     6 ||    11
 Cast: Ensorcelled Hiber |     5 |     7 |     9 ||    21
       Corona            |     3 |       |       ||     3
       Dazzling Spray    |       |       |     1 ||     1
Evoke: Wand              |       |     4 |     7 ||    11
  Use: Scroll            |     2 |    11 |     4 ||    17
       Potion            |     1 |     3 |     4 ||     8
 Stab: Sleeping          |    10 |     9 |    12 ||    31
  Eat: Royal jelly       |       |     2 |       ||     2
       Fruit             |       |       |     2 ||     2
Armor: Robe              |    20 |    33 |    39 ||    92
Dodge: Dodged            |    93 |   174 |   289 ||   556
Block: Buckler           |       |       |    55 ||    55

Table legend:
 A = Spawn XP
 B = Non-spawn XP
 C = Spawn XP percentage of total XP
 D = Spawn monster count
 E = Non-spawn monster count
 F = Spawn count percentage of total count
 G = Total turns spent on level
                    A         B        C        D         E        F      G
               +---------+---------+-------+---------+---------+-------+---------
         Total |       0 |    3032 |   0.0 |       0 |     123 |   0.0 |  8424
               +---------+---------+-------+---------+---------+-------+---------
           D:1 |       0 |      44 |   0.0 |       0 |      22 |   0.0 |   923
           D:2 |       0 |      55 |   0.0 |       0 |      15 |   0.0 |  1020
           D:3 |       0 |      79 |   0.0 |       0 |      12 |   0.0 |  1792
           D:4 |       0 |     549 |   0.0 |       0 |      25 |   0.0 |  2138
           D:5 |       0 |     962 |   0.0 |       0 |      22 |   0.0 |  1175
           D:6 |       0 |     757 |   0.0 |       0 |      12 |   0.0 |  1034
           D:7 |       0 |     453 |   0.0 |       0 |      13 |   0.0 |   315
           D:8 |       0 |     133 |   0.0 |       0 |       2 |   0.0 |    27
               +---------+---------+-------+---------+---------+-------+---------
